 Dungeon Crawl Stone Soup version 0.29-a0-416-g83a48905f1 (webtiles) character file.

Game seed: 4905618598786961200

86 HendSelp the Poker (level 4, -5/36 HPs)
             Began as a Human Monk on May 16, 2022.
             Slain by Natasha (6 damage)
             ... on level 3 of the Dungeon.
             The game lasted 00:02:09 (3148 turns).

HendSelp the Poker (Human Monk)                     Turns: 3148, Time: 00:02:09

Health: -5/36      AC:  2    Str: 14    XL:     4   Next: 78%
Magic:  4/4        EV: 13    Int: 10    God:
Gold:   182        SH:  0    Dex: 15    Spells: 3/3 levels left

rFire   . . .      SeeInvis .   a - +0 spear
rCold   . . .      Faith    .   (no shield)
rNeg    . . .      Spirit   .   b - +0 robe
rPois   .          Reflect  .   (no helmet)
rElec   .          Harm     .   (no cloak)
rCorr   .          Rampage  .   (no gloves)
Will    .....                   (no boots)
Stlth   ++........              (no amulet)
HPRegen 0.12/turn               (no ring)
MPRegen 0.09/turn               (no ring)

@: no status effects
A: no striking features
a: no special abilities


You were on level 3 of the Dungeon.
You visited 1 branch of the dungeon, and saw 3 of its levels.

You collected 182 gold pieces.

Inventory:

Hand Weapons
 a - a +0 spear (weapon)
Armour
 b - a +0 robe (worn)
Scrolls
 j - a scroll of immolation {unknown}
Potions
 c - a potion of mutation {unknown}
 d - a potion of attraction {unknown}
 e - a potion of curing {unknown}
 f - a potion of haste {unknown}
 g - 2 potions of flight
 h - a potion of magic {unknown}
 i - 2 potions of berserk rage {unknown}


   Skills:
 + Level 3.6 Fighting
 + Level 4.1 Polearms
 + Level 3.7 Dodging
 - Level 2.0 Stealth


You had 3 spell levels left.
You didn't know any spells.
Your spell library was empty.

Dungeon Overview and Level Annotations

Branches:
Dungeon (3/15)

Altars:
Okawaru
Ru
Wu Jian

Annotations:
D:3 Natasha


Message History

Natasha claws you but does no damage.
Unknown command.
You closely miss Natasha.
Natasha is severely wounded.
Natasha claws you but does no damage.
Unknown command.
You hit Natasha.
You kill Natasha!
Natasha screams in pain as she dies!
Your Polearms skill increases to level 4!
Unknown command.
Found 10 gold pieces and a scroll of identify.
Unknown command.
j - a scroll labelled PANYWA KOMID Natasha, Servant of Life and Death comes into view.
You are too injured to fight recklessly!
Natasha is nearby!
You are too injured to fight recklessly!
Natasha is nearby!
You are too injured to fight recklessly!
Natasha is nearby!
You are too injured to fight recklessly!
Natasha barely misses you.
You hit Natasha.
Natasha is moderately wounded.
Natasha stares at you and mumbles some strange words.
The magic dart hits you!
* * * LOW HITPOINT WARNING * * *
You closely miss Natasha.
Natasha is moderately wounded.
Natasha claws you!
* * * LOW HITPOINT WARNING * * *
You hit Natasha.
Natasha is heavily wounded.
Natasha hisses.
Natasha claws you but does no damage.
You barely miss Natasha.
Natasha is heavily wounded.
Natasha claws you.
You die...

.......$# # #.###.##
#.......# .# ##.###.##
##.#.....##.. ##...##.##
$.......... ##.###.#.##
#.....# ##.## ######
#.##.#..###.#^.#########
#...........#.>##8.#.#.#
####(##.#####.#.........
#.##@# #.##........
#...h# #.###8.#.#.#
####.#####.##########
#..........#
#.#####.####
######.#####.#
..............#
........#######
#########


You could see Natasha.

Vanquished Creatures
  Natasha (D:3)
  A dart slug (D:1)
  3 endoplasms
  3 giant cockroaches
  5 goblins
  6 hobgoblins (D:1)
  4 jackals (D:1)
  5 kobolds
  6 quokkas
  5 ball pythons
  4 bats (D:1)
  2 frilled lizards (D:2)
  7 rats
52 creatures vanquished.

Notes
Turn   | Place    | Note
-------+----------+-------------------------------------------
     0 | D:1      | HendSelp the Human Monk began the quest for the Orb.
     0 | D:1      | Reached XP level 1. HP: 18/18 MP: 1/1
   130 | D:1      | Reached XP level 2. HP: 14/24 MP: 2/2
   844 | D:1      | Reached XP level 3. HP: 26/29 MP: 3/3
  2081 | D:2      | Reached XP level 4. HP: 35/35 MP: 4/4
  2095 | D:2      | Found a faded altar of an unknown god.
  3039 | D:3      | Found an ornate altar of the Wu Jian Council.
  3039 | D:3      | Found a sacrificial altar of Ru.
  3041 | D:3      | Found an iron altar of Okawaru.
  3102 | D:3      | Noticed Natasha
  3116 | D:3      | Killed Natasha
  3117 | D:3      | Reached skill level 4 in Polearms
  3141 | D:3      | Noticed Natasha
  3146 | D:3      | HP: 1/36 [Natasha (9)]
  3148 | D:3      | Slain by Natasha

Illustrated notes

Levels and vault maps discovered:
D:1:      evilmike_arrival_plus, layout_basic
D:2:      layout_rooms, ebering_ecumenical_altar_mist
D:3:      layout_loops_ring, minitemple, uniq_crazy_yiuf_cottage, uniq_grinder,
          uniq_natasha

Skill      XL: |  1  2  3  4 |
---------------+-------------+-----
Polearms       | 4 |  4.1
Fighting       | |  3.6
Dodging        | |  3.7
Stealth        | |  2.0

Action                   |  1- 3 |  4- 6 || total
-------------------------+-------+-------++-------
Melee: Spear             |   160 |    75 ||   235
       Punch             |     3 |       ||     3
  Use: Scroll            |     2 |     4 ||     6
       Potion            |     1 |       ||     1
 Stab: Sleeping          |     5 |     1 ||     6
       Distracted        |     1 |       ||     1
Armor: Robe              |    18 |    12 ||    30
Dodge: Dodged            |   144 |    24 ||   168

Table legend: (Time is in decaauts)
 A = Elapsed time spent in this place.
 B = Non-inter-level travel time spent in this place.
 C = Inter-level travel time spent in this place.
 D = Time resting spent in this place.
 E = Time spent auto-exploring this place.
 F = Levels seen in this place.
 G = Mean time per level.
                   A        B        C        D        E       F      G
               +--------+--------+--------+--------+--------+-----+--------+
         Total |   3132 |   3093 |     39 |    379 |   2290 |   3 | 1044.0 |
       Dungeon |   3132 |   3093 |     39 |    379 |   2290 |   3 | 1044.0 |
               +--------+--------+--------+--------+--------+-----+--------+

Top non-repeatable levels by time:
     D:1: 1889 daAuts
     D:2: 891 daAuts
     D:3: 351 daAuts
